 Dungeon Crawl Stone Soup version 0.30-a0-368-g86fb4627a9 (webtiles) character file.

Game seed: 4918125961997190157

581 RascalDebosk the Magician (level 7, -2/49 HPs)
             Began as a Djinni Earth Elementalist on Nov 19, 2022.
             Slain by a phantom (4 damage)
             ... on level 4 of the Dungeon.
             The game lasted 00:31:52 (2934 turns).

RascalDebosk the Magician (DjEE)                    Turns: 2934, Time: 00:31:52

Health: -2/49      AC:  3    Str:  7    XL:     7   Next: 63%
Gold:   190        EV: 12    Int: 18    God:
                   SH:  0    Dex: 14

rFire   + + .      SeeInvis .    f - +0 long sword
rCold   . . .      Faith    .    (no shield)
rNeg    . . .      Spirit   .    a - +0 robe
rPois   ∞          Reflect  .    k - +0 helmet
rElec   .          Harm     .    (no cloak)
rCorr   .          Rampage  .    (no gloves)
Will    .....                    (boots unavailable)
Stlth   ++........               o - amulet of the acrobat
HPRegen 0.28/turn                i - ring of protection from cold
MPRegen 0.00/turn                (no ring)

@: flying
A: sickness immunity, fire resistance 2, cold vulnerability 1, float, innate
caster, HP casting, extra vitality 1
a: no special abilities


You were on level 4 of the Dungeon.
You visited 1 branch of the dungeon, and saw 4 of its levels.
You also visited: Sewer.

You collected 190 gold pieces.

Inventory:

Hand Weapons
 f - a +0 long sword (weapon)
 x - a +2 short sword of electrocution
Armour
 a - a +0 robe (worn)
 k - a +0 helmet (worn)
Jewellery
 i - a ring of protection from cold (left hand)
 o - an amulet of the acrobat (around neck)
Scrolls
 b - a scroll of fog {unknown}
 c - a scroll of noise {unknown}
 d - 6 scrolls of identify {unknown}
 e - a scroll of enchant armour {unknown}
 j - a scroll of enchant weapon {unknown}
 l - 3 scrolls of teleportation {unknown}
 n - 2 scrolls of silence {unknown}
 t - a scroll of torment {unknown}
 u - a scroll of magic mapping {unknown}
 y - a scroll of amnesia {unknown}
Potions
 g - 2 potions of brilliance {unknown}
 h - a potion of magic {unknown}
 m - 2 potions of heal wounds {unknown}
 p - a potion of lignification {unknown}
 q - 2 potions of might {unknown}
 r - 2 potions of invisibility {unknown}
 s - a potion of berserk rage {unknown}
 v - a potion of flight {unknown}
 w - 2 potions of curing {unknown}
 z - 2 potions of haste {unknown}
 A - 3 potions of mutation {unknown}


   Skills:
 + Level 2.6 Fighting
 - Level 2.1 Dodging
 - Level 1.5 Stealth
 * Level 5.9 Spellcasting


You had one spell level left.
You knew the following spells:

 Your Spells              Type           Power      Damage    Failure   Level
a - Sandblast             Erth           52%        2d12      1%          1
b - Passwall              Tmut/Erth      21%        N/A       1%          2
c - Stone Arrow           Conj/Erth      52%        3d10      3%          3
d - Petrify               Tmut/Erth      26%        N/A       11%         4
e - Shock                 Conj/Air       100%       1d9       1%          1
f - Scorch                Fire           52%        2d8       1%          2
g - Vampiric Draining     Necr           26%        2d7       3%          3
Your spell library was empty.

Dungeon Overview and Level Annotations

Branches:
Dungeon (4/15)              Sewer (visited)
 Temple: D:4-7

Altars:
Makhleb
Yredelemnul


Innate Abilities, Weirdness & Mutations

You are immune to sickness and miasma.
You are immune to poison.
Your flesh is very heat resistant. (rF++)
You are vulnerable to cold. (rC-)
You float through the air rather than walking.
You learn spells naturally, not from books.
Your magical power is your life essence.
You have superior vitality. (+4 MHP)


Message History

There is an open door here.
Things that are here:
a +0 club; 4 poisoned darts
There is an open gate here.
You see here a +0 leather armour.
There is a gate leading back out of this place here.
Welcome back to the Dungeon!
There is a collapsed entrance here.
Found a stone staircase leading down.
There is a stone staircase leading down here.
w - 2 metallic black potions (gained 1)
An orc priest, 2 orcs and an orc wizard come into view.
The orc priest is wielding a +0 falchion of electrocution.
An orc is wielding a +0 whip of flaming.
The orc priest shouts!
An orc comes into view. It is wielding a +0 club.
Casting: Stone Arrow (dangerous; 3% risk of failure)
Confirm with . or Enter, or press ? or * to list all spells.
Aiming: Shock (safe; 1% risk of failure)
Press: ? - help, Shift-Dir - straight line, f - orc
Aim: an orc, wielding a +0 whip of flaming (wandering, hasn't noticed you, 74% to hit)
The zap misses the orc.
The zap hits the orc wizard!
The orc wizard is heavily wounded.
The orc wizard shouts!
The orc shouts!
Casting: Shock (safe; 1% risk of failure)
Confirm with . or Enter, or press ? or * to list all spells.
Aiming: Shock (safe; 1% risk of failure)
Press: ? - help, Shift-Dir - straight line, f/p - orc
Aim: an orc, wielding a +0 whip of flaming (74% to hit)
The zap hits the orc wizard.
The orc wizard is severely wounded.
The zap hits the orc!
You kill the orc!
Casting: Shock (safe; 1% risk of failure)
Confirm with . or Enter, or press ? or * to list all spells.
Aiming: Shock (safe; 1% risk of failure)
Press: ? - help, Shift-Dir - straight line, f - orc wizard
Aim: an orc wizard, wielding a +0 dagger and wearing a +0 robe (severely wounded, 67% to hit)
The zap misses the orc wizard.
The zap hits the orc priest.
The orc priest is lightly wounded.
Casting: Shock (safe; 1% risk of failure)
Confirm with . or Enter, or press ? or * to list all spells.
Aiming: Shock (safe; 1% risk of failure)
Press: ? - help, Shift-Dir - straight line, f/p - orc wizard
Aim: an orc wizard, wielding a +0 dagger and wearing a +0 robe (severely wounded, 67% to hit)
The zap hits the orc wizard.
You kill the orc wizard!
The zap hits the orc priest.
The orc priest is moderately wounded.
A phantom comes into view.
Unknown command.
Casting: Shock (safe; 1% risk of failure)
Confirm with . or Enter, or press ? or * to list all spells.
Aiming: Shock (safe; 1% risk of failure)
Press: ? - help, Shift-Dir - straight line The zap hits the phantom.
The phantom is lightly damaged.
The zap misses the phantom.
The orc shouts!
Casting: Shock (safe; 1% risk of failure)
Confirm with . or Enter, or press ? or * to list all spells.
Aiming: Shock (safe; 1% risk of failure)
Press: ? - help, Shift-Dir - straight line, f - orc
Aim: an orc, wielding a +0 mace and wearing a +0 leather armour (74% to hit)
The zap misses the orc priest.
The zap hits the orc.
The orc is lightly wounded.
The zap hits the orc.
The orc is heavily wounded.
Casting: Shock (safe; 1% risk of failure)
Confirm with . or Enter, or press ? or * to list all spells.
Aiming: Shock (safe; 1% risk of failure)
Press: ? - help, Shift-Dir - straight line, f/p - orc
Aim: an orc, wielding a +0 mace and wearing a +0 leather armour (heavily wounded, 74% to hit)
The zap misses the orc priest.
The zap hits the orc but does no damage.
The orc is lightly wounded.
The zap hits the orc.
You kill the orc!
The orc priest hits you with a +0 falchion of electrocution.
You are electrocuted!
The phantom barely misses you.
Casting: Shock (safe; 1% risk of failure)
Confirm with . or Enter, or press ? or * to list all spells.
Flames lash the phantom.
The phantom is heavily damaged.
The phantom's fire resistance burns away.
The orc priest mumbles some strange prayers to Beogh against you.
Beogh smites you!
* * * LOW HITPOINT WARNING * * *
The phantom hits you!
* * * LOW HITPOINT WARNING * * *
Casting: Scorch (safe; 1% risk of failure)
Confirm with . or Enter, or press ? or * to list all spells.
Flames lash the orc priest.
The orc priest is almost dead.
The orc priest's fire resistance burns away.
* * * LOW HITPOINT WARNING * * *
The orc priest closely misses you. The phantom hits you!
* * * LOW HITPOINT WARNING * * *
The phantom attacks as you move away! The phantom hits you.
You die...

.. .# )# .# )# #### o#
.....############o######
................@W......
#######.#######.###.####
#######># #.# #.......#
#.# #.####### #.# #.#
#.. #.# ##. #.#### .
#....# .#


You could see a phantom (combustible), an orc priest (combustible) and an orc.

Vanquished Creatures
  Grinder (Sewer)
  A kobold brigand (Sewer)
  2 quasits (Sewer)
  An iguana (D:3)
  An orc wizard (D:4)
  3 adders
  A shadow imp (Sewer)
  7 ufetubi
  3 worms (D:2)
  A dart slug (D:1)
  6 orcs
  13 ball pythons
  6 bats
  3 endoplasms
  5 giant cockroaches
  7 hobgoblins
  3 jackals (D:3)
  6 quokkas
  5 frilled lizards
  5 goblins
  19 kobolds
  A kobold zombie (Sewer)
  9 rats
109 creatures vanquished.

Vanquished Creatures (others)
  An adder zombie (Sewer)
  A bat zombie (Sewer)
  A kobold zombie (Sewer)
3 creatures vanquished.

Grand Total: 112 creatures vanquished

Notes
Turn   | Place    | Note
-------+----------+-------------------------------------------
     0 | D:1      | RascalDebosk the Djinni Earth Elementalist began the quest
                  | for the Orb.
     0 | D:1      | RascalDebosk set off with the following spells memorised:
                  | Sandblast, Passwall, Stone Arrow, Petrify.
     0 | D:1      | Reached XP level 1. HP: 15/15 MP: 0/0
    83 | D:1      | Reached XP level 2. HP: 19/21 MP: 0/0
   262 | D:1      | Reached skill level 3 in Spellcasting
   426 | D:1      | Reached XP level 3. HP: 25/25 MP: 0/0
   426 | D:1      | Learned a level 1 spell: Shock
   785 | D:2      | Found a faded altar of an unknown god.
  1083 | D:2      | Reached XP level 4. HP: 22/31 MP: 0/0
  1405 | D:3      | Found a basalt altar of Yredelemnul.
  1429 | D:3      | Reached skill level 4 in Spellcasting
  1527 | D:3      | Found a burning altar of Makhleb.
  1536 | D:3      | Reached XP level 5. HP: 21/35 MP: 0/0
  1536 | D:3      | Learned a level 2 spell: Scorch
  2284 | D:4      | Found a glowing drain.
  2296 | Sewer    | Entered a sewer
  2458 | Sewer    | Reached XP level 6. HP: 15/40 MP: 0/0
  2489 | Sewer    | Found a burning altar of Makhleb.
  2572 | Sewer    | Reached skill level 5 in Spellcasting
  2589 | Sewer    | Reached skill level 1 in Fighting
  2709 | Sewer    | Noticed Grinder
  2718 | Sewer    | Killed Grinder
  2719 | Sewer    | Reached XP level 7. HP: 24/49 MP: 0/0
  2719 | Sewer    | Learned a level 3 spell: Vampiric Draining
  2933 | D:4      | HP: 2/49 [phantom (7)]
  2934 | D:4      | Slain by a phantom

Illustrated notes

Levels and vault maps discovered:
D:1:      dpeg_arrival_pits, layout_basic, minmay_pentomino_x2
D:2:      layout_basic, nicolae_ecumenical_oubliette, dk_noncrumbling_4
D:3:      corexii_shack_village, layout_rooms, mainiacjoe_overflow_boulevard,
          bloody_makhleb
D:4:      layout_loops_ring, mainiacjoe_overflow_surrounded_room,
          portal_sewer_entry_b, lightli_corner_chamber, uniq_natasha, uniq_pargi

Skill      XL: |  1  2  3  4  5  6 |
---------------+-------------------+-----
Spellcasting   | 3 4 5 |  5.9
Fighting       | 2 |  2.6
Dodging        | |  2.1
Stealth        | |  1.5

Action                   |  1- 3 |  4- 6 |  7- 9 || total
-------------------------+-------+-------+-------++-------
Melee: Long sword        |    15 |     6 |       ||    21
       Punch             |     1 |       |       ||     1
 Cast: Sandblast         |    40 |    29 |       ||    69
       Stone Arrow       |     4 |    11 |       ||    15
       Shock             |       |    63 |     7 ||    70
       Scorch            |       |     7 |     2 ||     9
       Petrify           |       |     1 |       ||     1
 Stab: Sleeping          |     1 |       |       ||     1
Armor: Robe              |     6 |    23 |       ||    29
Dodge: Dodged            |    17 |    33 |     2 ||    52

Table legend: (Time is in decaauts)
 A = Elapsed time spent in this place.
 B = Non-inter-level travel time spent in this place.
 C = Inter-level travel time spent in this place.
 D = Time resting spent in this place.
 E = Time spent auto-exploring this place.
 F = Levels seen in this place.
 G = Mean time per level.
                   A        B        C        D        E       F      G
               +--------+--------+--------+--------+--------+-----+--------+
         Total |   2982 |   2791 |    191 |    102 |   1831 |   5 |  596.4 |
       Dungeon |   2398 |   2207 |    191 |      0 |   1543 |   4 |  599.5 |
         Sewer |    583 |    583 |      0 |    102 |    288 |   1 |  583.0 |
               +--------+--------+--------+--------+--------+-----+--------+

Top non-repeatable levels by time:
     D:2: 844 daAuts
     D:1: 789 daAuts
     D:3: 684 daAuts
   Sewer: 583 daAuts
     D:4: 79 daAuts
